 Dungeon Crawl Stone Soup version 0.31-a0-267-g3fc6992b3b (webtiles) character file.

Game seed: 1413433024594020657

58 qw the Shooter (level 3, -2/29 HPs)
             Began as a Minotaur Hexslinger on July 13, 2023.
             Slain by a worm (7 damage)
             ... on level 2 of the Dungeon.
             The game lasted 00:00:22 (601 turns).

qw the Shooter (Minotaur Hexslinger)                 Turns: 601, Time: 00:00:23

Health: -2/29      AC:  5    Str: 12    XL:     3   Next: 76%
Magic:  3/3        EV: 12    Int: 10    God:
Gold:   31         SH:  5    Dex: 14    Spells: 3/4 levels left

rFire   . . .        Y - +1 sling
rCold   + . .        (no shield)
rNeg    . . .        j - +2 leather armour {rC+}
rPois   .            (helmet restricted)
rElec   .            (no cloak)
rCorr   .            (no gloves)
SInv    .            (no boots)
Will    .....        f - amulet of reflection
Stlth   +            (no ring)
HPRegen 0.24/turn    (no ring)
MPRegen 0.08/turn

%: reflection
@: no status effects
A: horns 2, retaliatory headbutt
a: no special abilities


You were on level 2 of the Dungeon.
You visited 1 branch of the dungeon, and saw 2 of its levels.

You collected 31 gold pieces.


Innate Abilities, Weirdness & Mutations

You have a pair of horns on your head.
You reflexively headbutt those who attack you in melee.


   Skills:
 - Level 2.0 Fighting
 + Level 4.3 Ranged Weapons
 - Level 2.1 Dodging
 - Level 1.0 Spellcasting
 - Level 2.0 Hexes


You had 3 spell levels left.
You knew the following spells:

 Your Spells              Type           Power      Damage    Failure   Level
a - Slow                  Hex            16%        N/A       19%         1

Your spell library contained the following spells:

 Spells                   Type           Power      Damage    Failure   Level
 Inner Flame              Hex/Fire       2%         N/A       65%         3
 Portal Projectile        Hex/Tloc       4%         N/A       65%         3
 Cause Fear               Hex            2%         N/A       88%         4

Inventory:

Hand Weapons
 Y - a +1 sling (weapon)
Armour
 j - a +2 leather armour of cold resistance (worn)
Jewellery
 a - an amulet of faith
 f - an amulet of reflection (around neck)
Potions
 b - a potion of heal wounds {unknown}
 g - a potion of resistance {unknown}
 k - a potion of lignification {unknown}

Dungeon Overview and Level Annotations

Branches:
Dungeon (2/15)

Altars:

Shops:
D:1 =


Message History

Jessica is lightly wounded.
Jessica casts a spell at you.
You feel yourself slow down.
You shoot a sling bullet.
The sling bullet closely misses Jessica.
Jessica mumbles some strange words.
Jessica blinks!
You shoot a sling bullet.
The sling bullet barely misses the worm.
You shoot a sling bullet. The sling bullet hits the worm.
The worm is moderately wounded.
You shoot a sling bullet. The sling bullet hits Jessica.
Jessica is severely wounded.
Jessica misses you. You block the worm's attack.
Jessica hits you with a +0 dagger.
You shoot a sling bullet. The sling bullet hits Jessica!
You kill Jessica!
The worm barely misses you.
Your Ranged Weapons skill increases to level 4!
You shoot a sling bullet.
The sling bullet barely misses the worm.
You block the worm's attack. The worm bites you.
You shoot a sling bullet. The sling bullet hits the worm.
The worm is moderately wounded.
The worm bites you.
You shoot a sling bullet. The sling bullet hits the worm.
The worm is moderately wounded.
You feel yourself speed up. The worm closely misses you.
You shoot a sling bullet. The sling bullet hits the worm.
The worm is severely wounded.
You shoot a sling bullet.
The sling bullet hits the worm but does no damage.
The worm is severely wounded.
A bat comes into view.
The worm bites you but does no damage.
The bat moves out of view.
You shoot a sling bullet. The sling bullet hits the worm.
The worm is severely wounded.
The worm bites you!
You die...

#.# #.# ..... #.#
#.# ..#. #.## #.#
... .#.##### #.# ..
###....# #.# .#
.#.###.# ##.## ##.#
..##
#.###...###w%##..#.
#.#
#.##.....#.@)......
#.#
#.##.......######.b
#.####.##.....###
#.<..<%)..........
#####...........##
#..#>......##
.......##......#
####...###.....#
#...# #..#..#


You could see a worm and a bat (wandering).

Vanquished Creatures
  Jessica (D:2)
  An adder (D:2)
  An orc (D:2)
  3 ball pythons (D:1)
  4 giant cockroaches (D:1)
  A goblin (D:1)
  A hobgoblin (D:1)
  A quokka (D:1)
  4 bats
  3 frilled lizards
  2 kobolds (D:1)
  4 rats
26 creatures vanquished.

Notes
Turn   | Place    | Note
-------+----------+-------------------------------------------
     0 | D:1      | qw the Minotaur Hexslinger began the quest for the Orb.
     0 | D:1      | Reached XP level 1. HP: 16/16 MP: 1/1
     0 | D:1      | 0 ||| qw: Version: 0.3-a-52-g30416fa
     0 | D:1      | 0 ||| qw: Game counter: 7749
     0 | D:1      | 0 ||| qw: Melee chars always use a shield: true
     0 | D:1      | 0 ||| qw: God list: Okawaru
     0 | D:1      | 0 ||| qw: Allow faded altars: false
     0 | D:1      | 0 ||| qw: Do Orc after clearing Dungeon:15 true
     0 | D:1      | 0 ||| qw: Do second Lair branch before Depths: true
     0 | D:1      | 0 ||| qw: Lair rune preference: random
     0 | D:1      | 0 ||| qw: Goals: Normal
     0 | D:1      | 0 ||| PLANNING D:1-11
    32 | D:1      | Found Zagoedgh's One-of-a-Kind Rings.
    37 | D:1      | 37 ||| SHOPLISTING +1 ring of protection (39 gold, have 5).
    37 | D:1      | 37 ||| SHOPLISTING +3 ring of evasion (130 gold, have 5).
    37 | D:1      | 37 ||| SHOPLISTING +6 ring of protection (1014 gold, have
                  | 5).
    37 | D:1      | 37 ||| SHOPLISTING +8 ring of evasion (1014 gold, have 5).
    37 | D:1      | 37 ||| SHOPLISTING ring "Qadasa" {*Slow rF+ rC+++ Dex+3}
                  | (880 gold, have 5).
    37 | D:1      | 37 ||| SHOPLISTING ring "Wot Xietro" {Ice rElec Slay+2
                  | Stlth+} (652 gold, have 5).
    84 | D:1      | Found a faded altar of an unknown god.
   111 | D:1      | Reached skill level 3 in Ranged Weapons
   126 | D:1      | Reached XP level 2. HP: 23/23 MP: 2/2
   483 | D:1      | 483 ||| UPGRADING to +0 ring mail.
   493 | D:1      | 493 ||| DROPPING +0 robe.
   494 | D:1      | 494 ||| UPGRADING to +2 leather armour of cold resistance.
   504 | D:1      | 504 ||| DROPPING +0 ring mail.
   505 | D:1      | 505 ||| UPGRADING to amulet of reflection.
   510 | D:1      | 510 ||| READING scroll labelled OZEEBIE JUGERGH.
   511 | D:1      | 511 ||| READING scroll labelled DEASEK DUG.
   512 | D:1      | 512 ||| READING scroll labelled OMITSUDINO.
   513 | D:1      | 513 ||| DROPPING scroll of poison.
   575 | D:2      | Noticed Jessica
   583 | D:2      | Reached XP level 3. HP: 13/29 MP: 3/3
   595 | D:2      | Killed Jessica
   596 | D:2      | Reached skill level 4 in Ranged Weapons
   597 | D:2      | HP: 4/29 [worm (6)]
   601 | D:2      | Slain by a worm

Levels and vault maps discovered:
D:1:      lightli_arrival_chessboard, layout_rooms, basic_ecumenical_altar,
          nicolae_shop_unique_rings, nrook_loot_triangle, serial_bayou_pond_a
D:2:      layout_loops_ring, minmay_randomly_rotated_circles, uniq_jessica

Skill      XL: |  1  2  3 |
---------------+----------+-----
Ranged Weapons | 3 4 |  4.3
Fighting       | 2 |  2.0
Dodging        | |  2.1
Spellcasting   | |  1.0
Hexes          | |  2.0

Action                     || total
---------------------------++-------
   Fire: Sling             ||    90
    Use: Scroll            ||     3
 Armour: Robe              ||     6
         Leather armour    ||     4
  Dodge: Dodged            ||    25
  Block: Other             ||     7

Table legend:
 A = Non-vault XP
 B = Vault XP
 C = Vault XP percentage of total XP
 D = Non-vault monster count
 E = Vault monster count
 F = Vault count percentage of total count
                 A         B        C        D         E       F
            +---------+---------+-------+---------+---------+-------
      Total |      47 |      37 |  44.0 |      25 |       1 |   3.8
            +---------+---------+-------+---------+---------+-------
        D:1 |      27 |       0 |   0.0 |      19 |       0 |   0.0
        D:2 |      20 |      37 |  64.9 |       6 |       1 |  14.3
            +---------+---------+-------+---------+---------+-------
